Map: Data-C

Players

Lambo

  • Race: Zerg Zerg
  • League: Grandmaster
  • Spawn Location: 3:00

LiquidElazer (Elazer) - Winner!

  • Race: Zerg Zerg
  • League: Master
  • Spawn Location: 9:00

VOD

Have the link to the VOD?

Description

Time

  • Played on: Oct. 19, 2022, 2:18 p.m.
  • Length: 13:33
Show
View Real Time Build Order
Export as new Build Order

Lambo Zerg 

Build Orders: Hatch First 

Get SALT Encoding   

  12  0:00  Drone  
  13  0:12  Overlord  
  13  0:16  Drone  
  14  0:30  Drone x2  
  16  0:48  Hatchery  
  15  0:51  Drone  
  15  0:54  Drone  
  17  0:57  Drone  
  18  1:08  Extractor  
  17  1:13  Spawning Pool  
  17  1:16  Drone  
  17  1:20  Drone  
  18  1:27  Drone  
  19  1:39  Drone  
  20  1:49  Drone  
  21  2:00  Queen x2  
  21  2:01  Zergling x2, Overlord  
  26  2:08  Metabolic Boost  
  26  2:11  Drone  
  26  2:12  Drone  
  28  2:23  Zergling x2  
  28  2:26  Drone  
  30  2:33  Drone x2  
  32  2:39  Hatchery  
  31  2:45  Drone  
  31  2:48  Baneling Nest  
  31  2:51  Overlord  
  31  2:56  Overlord  
  31  3:02  Drone  
  31  3:04  Drone  
  33  3:07  Zergling x2  
  33  3:11  Zergling x4  
  35  3:17  Drone x4  
  39  3:24  Queen  
  39  3:25  Drone  
  42  3:28  Drone  
  42  3:32  Baneling, Drone  
  44  3:34  Drone  
  44  3:40  Drone x2  
  47  3:42  Evolution Chamber  
  47  3:44  Drone x2  
  47  3:46  Drone  
  48  3:49  Overlord  
  48  3:51  Drone  
  48  3:54  Overlord  
  49  4:05  Drone x3, Roach Warren  
  51  4:10  Overlord  
  51  4:13  Baneling  
  51  4:14  Zerg Missile Weapons Level 1  
  51  4:16  Drone x2  
  53  4:19  Extractor  
  53  4:20  Extractor  
  53  4:21  Zergling x4  
  53  4:26  Drone x4  
  53  4:28  Drone  
  58  4:32  Drone  
  58  4:34  Drone x2  
  58  4:36  Lair  
  58  4:38  Drone x2  
  63  4:42  Overlord  
  63  4:45  Overlord  
  63  4:47  Roach  
  63  4:49  Roach  
  63  4:50  Roach  
  69  4:54  Roach  
  69  4:55  Roach  
  69  4:57  Roach  
  69  4:58  Overlord  
  75  5:03  Roach  
  75  5:04  Roach  
  79  5:08  Roach  
  79  5:13  Roach  
  83  5:16  Drone x5  
  88  5:23  Drone x8  
  88  5:25  Baneling  
  88  5:26  Baneling  
  96  5:31  Drone  
  97  5:36  Drone x4  
  97  5:38  Extractor  
  97  5:40  Drone x2  
  97  5:42  Extractor  
  100  5:43  Extractor  
  100  5:44  Drone  
  100  5:48  Glial Reconstitution  
  100  5:49  Overlord  
  100  5:53  Hatchery  
  100  5:55  Overseer  
  99  5:59  Pneumatized Carapace  
  99  6:00  Drone  
  99  6:02  Roach x2  
  99  6:03  Overlord  
  104  6:08  Overlord  
  104  6:10  Roach x4  
  112  6:15  Evolution Chamber  
  112  6:17  Zerg Missile Weapons Level 2, Roach  
  112  6:24  Drone  
  112  6:25  Drone, Overlord  
  114  6:29  Queen  
  114  6:32  Roach x6  
  128  6:35  Overlord  
  128  6:38  Roach  
  129  6:41  Roach  
  129  6:42  Roach  
  129  6:46  Overlord  
  130  6:48  Spore Crawler, Queen  
  130  6:49  Spore Crawler  
  130  6:51  Spore Crawler, Hydralisk Den, Queen  
  130  6:55  Overlord  
  130  6:56  Overlord  
  130  7:04  Spore Crawler  
  130  7:05  Overlord x2  
  128  7:16  Spore Crawler, Drone x2  
  128  7:17  Drone  
  128  7:19  Zerg Ground Armor Level 1  
  128  7:22  Drone x2  
  132  7:25  Hydralisk x5, Drone  
  143  7:33  Spore Crawler  
  143  7:36  Hydralisk x5  
  152  7:38  Roach, Extractor  
  152  7:40  Drone x2  
  155  7:44  Hydralisk  
  155  7:45  Roach x2  
  155  7:47  Grooved Spines  
  155  7:50  Roach x2  
  165  7:53  Drone  
  165  7:54  Overlord  
  165  7:56  Roach  
  168  7:59  Overlord x2  
  168  8:01  Overlord  
  168  8:10  Overlord  
  176  8:13  Roach x4  
  176  8:16  Overlord  
  176  8:18  Overlord  
  176  8:20  Roach x5  
  176  8:21  Ravager x2  
  176  8:24  Roach x2  
  192  8:28  Roach x2  
  192  8:31  Roach  
  192  8:33  Roach x2  
  197  8:37  Roach x2  
  197  8:41  Roach x3  
  168  8:43  Roach  
  168  8:47  Roach x3  
  163  8:51  Roach  
  163  8:53  Ravager  
  166  8:57  Roach x2  
  166  8:58  Extractor  
  166  8:59  Extractor  
  166  9:01  Roach x2  
  171  9:06  Roach  
  171  9:08  Roach  
  175  9:10  Roach  
  175  9:16  Extractor  
  176  9:20  Roach x3  
  182  9:25  Roach x2  
  182  9:27  Roach  
  182  9:30  Roach x2  
  192  9:32  Roach  
  192  9:35  Roach  
  180  9:38  Roach x2  
  180  9:41  Roach  
  180  9:42  Roach  
  180  9:44  Roach  
  142  9:48  Roach x2  
  142  9:51  Roach x2  
  138  9:59  Roach x4  
  146  10:02  Hatchery, Roach x2  
  146  10:04  Roach  
  151  10:08  Roach x2  
  151  10:10  Roach  
  157  10:15  Roach x4  
  157  10:17  Roach  
  157  10:20  Roach x2  
  172  10:27  Roach x4  
  172  10:28  Roach  
  182  10:31  Roach x2  
  182  10:35  Overlord  
  186  10:42  Roach x6  
  168  10:51  Hydralisk x2  
  168  10:52  Roach x3  
  178  10:57  Hydralisk x2  
  178  11:03  Roach x2  
  186  11:07  Roach  
  186  11:09  Roach  
  186  11:10  Roach x2  
  173  11:14  Hydralisk  
  173  11:15  Roach  
  177  11:23  Overlord  
  177  11:29  Muscular Augments  
  173  11:33  Hatchery, Overlord  
  173  11:36  Ravager  
  173  11:37  Roach  
  173  11:38  Roach  
  177  11:41  Ravager  
  177  11:44  Hydralisk x2  
  173  11:50  Roach x4  
  173  11:53  Roach  
  155  11:56  Roach x2  
  151  12:01  Roach x2  
  151  12:05  Roach, Ravager  
  151  12:06  Roach  
  152  12:09  Ravager x2  
  152  12:10  Ravager  
  152  12:11  Roach  
  152  12:14  Roach x2  
  161  12:20  Roach x2  
  161  12:21  Roach  
  167  12:23  Roach  
  167  12:29  Roach x3  
  165  12:31  Hydralisk  
  165  12:37  Hydralisk x2  
  159  12:46  Hydralisk  
  159  12:47  Hydralisk x2  
  159  12:50  Hydralisk  
  159  12:53  Hydralisk  
  160  13:01  Roach x3  
  160  13:04  Roach x2  
  160  13:08  Roach  
  160  13:09  Roach  
  160  13:11  Roach  
  147  13:19  Ravager  
Show
View Real Time Build Order
Export as new Build Order

LiquidElazer Zerg - Winner!

Build Orders: Hatch First 

Get SALT Encoding   

  12  0:00  Drone  
  13  0:12  Overlord  
  13  0:16  Drone  
  14  0:30  Drone x2  
  16  0:47  Hatchery  
  15  0:50  Drone  
  15  0:54  Drone  
  17  0:58  Drone  
  18  1:09  Extractor  
  17  1:13  Spawning Pool  
  17  1:16  Drone  
  17  1:20  Drone  
  18  1:27  Drone  
  19  1:39  Drone  
  20  1:49  Drone  
  21  1:59  Queen x2  
  21  2:00  Zergling x2  
  26  2:02  Overlord  
  26  2:09  Metabolic Boost  
  26  2:11  Drone x2  
  30  2:22  Drone x2  
  30  2:33  Hatchery  
  29  2:38  Zergling x2  
  29  2:43  Drone x3  
  33  2:50  Baneling Nest  
  32  2:55  Overlord  
  32  2:57  Drone  
  33  3:07  Drone  
  33  3:08  Drone  
  33  3:10  Drone, Overlord  
  36  3:15  Queen  
  36  3:17  Zergling x4  
  40  3:21  Zergling x2  
  40  3:22  Zergling x2  
  40  3:25  Drone  
  43  3:28  Drone  
  43  3:29  Drone  
  45  3:36  Drone  
  46  3:41  Drone x6  
  46  3:45  Drone x2  
  54  3:51  Lair  
  54  3:53  Drone  
  55  3:58  Overlord  
  55  4:02  Roach Warren  
  53  4:03  Drone  
  53  4:04  Drone  
  53  4:09  Drone x2  
  57  4:14  Overlord  
  57  4:17  Drone  
  57  4:18  Drone x5  
  57  4:21  Extractor  
  57  4:22  Extractor, Overlord  
  57  4:24  Drone  
  62  4:27  Overlord  
  62  4:29  Drone x2  
  64  4:32  Overlord  
  64  4:36  Overlord  
  64  4:41  Drone x2  
  64  4:43  Drone x4  
  70  4:47  Extractor  
  70  4:49  Extractor  
  70  4:50  Extractor  
  70  4:52  Spire  
  66  4:53  Drone x2  
  66  4:54  Drone x3  
  66  4:57  Drone x2  
  66  4:58  Drone  
  74  5:00  Drone  
  74  5:03  Glial Reconstitution, Drone  
  74  5:05  Drone  
  77  5:09  Evolution Chamber  
  77  5:12  Roach x2  
  80  5:15  Roach x3  
  80  5:18  Roach  
  88  5:23  Roach  
  88  5:24  Roach x3  
  88  5:27  Roach  
  98  5:31  Roach x2, Spine Crawler  
  98  5:34  Roach x2  
  106  5:37  Overlord  
  106  5:42  Spine Crawler  
  105  5:43  Spine Crawler  
  107  5:52  Overlord x4  
  107  5:58  Overlord x2  
  107  5:59  Hatchery  
  107  6:00  Drone  
  107  6:01  Drone, Evolution Chamber  
  106  6:16  Mutalisk  
  106  6:17  Mutalisk x6  
  120  6:19  Overlord  
  120  6:32  Roach x6  
  131  6:38  Zerg Missile Weapons Level 1  
  131  6:45  Roach x9  
  149  6:48  Overlord  
  149  6:56  Roach x2  
  149  6:58  Overlord x2  
  153  7:02  Roach x2  
  156  7:12  Roach x8  
  170  7:26  Roach  
  170  7:27  Roach x8  
  188  7:41  Roach  
  190  7:49  Ravager  
  191  7:56  Overlord  
  191  7:57  Overlord  
  191  8:14  Ravager  
  191  8:15  Ravager  
  191  8:17  Ravager x6  
  197  8:38  Zerg Missile Weapons Level 2  
  165  8:45  Roach x22  
  189  8:51  Roach x6  
  199  9:23  Infestation Pit  
  168  9:40  Roach x14  
  168  9:41  Roach x7  
  160  9:53  Roach x8  
  160  9:55  Ravager  
  160  9:56  Ravager x2  
  160  9:58  Overlord  
  177  10:01  Roach  
  177  10:03  Roach x2, Extractor  
  182  10:08  Drone x2  
  184  10:19  Hatchery  
  184  10:20  Drone x3  
  184  10:21  Roach x6  
  198  10:24  Ravager  
  199  10:32  Overseer  
  199  10:33  Pneumatized Carapace  
  180  10:46  Roach x9  
  175  10:53  Roach x6  
  175  10:55  Zerg Ground Armor Level 1  
  184  10:58  Roach x3  
  190  11:08  Roach x5  
  190  11:09  Roach x2  
  172  11:13  Roach x4  
  172  11:19  Extractor  
  172  11:21  Roach x4  
  172  11:25  Roach x5  
  187  11:34  Roach x6  
  199  11:44  Roach x3  
  159  11:55  Roach x13  
  169  12:04  Roach x3  
  169  12:11  Roach x8  
  169  12:12  Ravager  
  186  12:16  Roach x2  
  178  12:32  Roach  
  178  12:33  Roach x10  
  188  12:41  Roach x7  
  196  12:51  Roach x6  
  186  13:09  Roach x9  
Tags
 
Add a new tag
Caveats
  • Supply blocks, unpowered buildings, or Contaminate may cause inaccurate times.
  • Supply counts are checked every 10 seconds.